 Dungeon Crawl Stone Soup version 0.31-a0-960-g0fca184906 (webtiles) character file.

Game seed: 15471582772251217942

137 night the Ruffian (level 5, -2/49 HPs)
             Began as an Octopode Shapeshifter on Oct 19, 2023.
             Slain by Pargi (3 damage)
             ... on level 3 of the Dungeon on Oct 22, 2023.
             The game lasted 00:04:33 (1834 turns).

night the Ruffian (Octopode Shapeshifter)           Turns: 1834, Time: 00:04:33

Health: -2/49      AC: 22    Str: 14    XL:     5   Next: 20%
Magic:  5/5        EV:  2    Int: 14    God:
Gold:   123        SH:  3    Dex: 11    Spells: 4/4 levels left

rFire   . .          .
                       - Unarmed
rCold   + . .        u - +0 buckler
rNeg    . . .        (helmet currently unavailable)
rPois   +            (no amulet)
rElec   .            m - ring of protection from cold
rCorr   .            (no ring)
SInv    .            (no ring)
Will    .....        (no ring)
Stlth   +            (no ring)
HPRegen 0.28/turn    (no ring)
MPRegen 0.09/turn    (no ring)
                     (no ring)

%: no passive effects
@: tree-form
A: stationary, stasis, torment immunity, boosted hp, almost no armour,
(amphibious), 8 rings, (camouflage 1), (gelatinous body 1), (nimble swimmer 1),
(tentacles)
a: no special abilities


You were on level 3 of the Dungeon.
You were a tree.
You visited 1 branch of the dungeon, and saw 3 of its levels.

You collected 123 gold pieces.

Inventory:

Missiles
 e - 16 stones
 h - 3 boomerangs
 q - 3 poisoned darts
Armour
 u - a +0 buckler (worn)
Jewellery
 m - a ring of protection from cold (left branch)
Talismans
 b - a beast talisman
 c - a flux talisman
 p - a maw talisman
 r - a blade talisman
Scrolls
 i - a scroll of fear {unknown}
 l - 3 scrolls of revelation {unknown}
 n - a scroll of identify {unknown}
 o - 2 scrolls of teleportation {unknown}
 t - a scroll of silence {unknown}
Potions
 d - a potion of brilliance {unknown}
 f - a potion of haste {unknown}
 g - a potion of might {unknown}
 j - a potion of enlightenment {unknown}
 k - a potion of mutation {unknown}
 s - a potion of cancellation {unknown}


   Skills:
 - Level 1.0 Fighting
 - Level 2.0 Dodging
 + Level 4.5 Unarmed Combat
 + Level 4.3 Shapeshifting


You had 4 spell levels left.
You didn't know any spells.
Your spell library contained the following spells:

 Spells                   Type           Power      Damage    Failure   Level
 Slow                     Hex            0%         N/A       36%         1
 Confusing Touch          Hex            0%         N/A       75%         3
 Sigil of Binding         Hex            0%         N/A       75%         3
 Tukima's Dance           Hex            0%         N/A       75%         3
 Vampiric Draining        Necr           0%         2d6       75%         3
 Passage of Golubria      Tloc           0%         N/A       98%         4
 Yara's Violent Unravell  Hex/Tmut       0%         3d3       100%        5


Dungeon Overview and Level Annotations

Branches:
Dungeon (3/15)

Altars:

Annotations:
D:3 Pargi


Innate Abilities, Weirdness & Mutations

You are a tree.
Your roots penetrate the ground, keeping you stationary.
You cannot be teleported.
You are immune to unholy pain and torment.
Your maximum health is greatly increased.
You cannot wear most types of armour.
((You are amphibious.))
You can wear up to eight rings at the same time.
((Your skin changes colour to match your surroundings (Stealth+).))
((Your rubbery body absorbs attacks. (AC +1, EV +1)))
((You are camouflaged when in or above water. (Stealth+)))
((You have tentacles for arms and can constrict up to eight enemies at once.))


Message History

You see here a +0 buckler.
u - a +0 buckler You start putting on your armour.
You continue putting on your +0 buckler. x4
You finish putting on your +0 buckler.
You barely miss Pargi. You squeeze Pargi.
Pargi is lightly wounded.
You block Pargi's attack. Pargi claws you but does no damage. Pargi claws you.
You closely miss Pargi.
Pargi is lightly wounded.
Pargi barely misses you. Pargi misses you. x2
You closely miss Pargi. Your squeeze misses Pargi.
Pargi is lightly wounded.
Pargi closely misses you. x2; Pargi misses you.
You bludgeon Pargi!
Pargi is moderately wounded.
Pargi misses you. Pargi claws you. Pargi claws you but does no damage.
You tentacle-slap Pargi.
Pargi is moderately wounded.
Pargi bites you. Pargi barely misses you. Pargi claws you but does no damage.
You barely miss Pargi. You squeeze Pargi!
Pargi is heavily wounded.
Pargi bites you! You block Pargi's attack. Pargi completely misses you.
You closely miss Pargi.
Pargi is heavily wounded.
Pargi bites you. Pargi claws you. You block Pargi's attack.
You closely miss Pargi. Your squeeze misses Pargi.
Pargi is heavily wounded.
Pargi barely misses you. Pargi claws you.
* * * LOW HITPOINT WARNING * * *
Pargi barely misses you.
You barely miss Pargi.
Pargi is moderately wounded.
Pargi misses you. You block Pargi's attack. Pargi claws you.
* * * LOW HITPOINT WARNING * * *
Your transformation has ended.
You turn into a tree.
Your roots penetrate the ground.
Pargi bites you.
* * * LOW HITPOINT WARNING * * *
Pargi claws you.
You die...

...# #.....w.###...... ...+
#.........+...... ...# #
#.#########...... ...+ ..+
#..S).....#...... ...######...#
#.#########.#...... ............#
#...........#......
..)†...#......#######....##......
##.#<#.######.#######....+#.####.
#...#...........♣T.'....##.###..
#......#####.#######.........+..
###.###...).................###..
......)######..##........######..
###....................####...'..
##.#####..............##...###..
... ..#.#######....###..### #..
#.#. #.#.......'........## ###
#+#.###.######..#......#.###


You could see Pargi.

Vanquished Creatures
  Jessica (D:3)
  Natasha (D:2)
  4 adders
  A dart slug (D:1)
  An orc (D:3)
  6 bats
  3 endoplasms (D:2)
  6 giant cockroaches
  6 goblins
  A hobgoblin (D:1)
  3 kobolds
  5 ball pythons
  3 frilled lizards
  8 rats
49 creatures vanquished.

Notes
Turn   | Place    | Note
-------+----------+-------------------------------------------
     0 | D:1      | night the Octopode Shapeshifter began the quest for the
                  | Orb.
     0 | D:1      | Reached XP level 1. HP: 13/13 MP: 1/1
   243 | D:1      | Reached XP level 2. HP: 15/18 MP: 2/2
   394 | D:1      | Upgraded the game from 0.31-a0-931-g7b59d4eb97 to
                  | 0.31-a0-960-g0fca184906
   900 | D:2      | Reached XP level 3. HP: 23/23 MP: 3/3
  1165 | D:2      | Reached XP level 4. HP: 24/28 MP: 4/4
  1446 | D:3      | Noticed Natasha
  1482 | D:2      | HP: 3/28 [Natasha (2)]
  1483 | D:2      | Killed Natasha
  1760 | D:3      | Noticed Jessica
  1765 | D:3      | Killed Jessica
  1766 | D:3      | Reached XP level 5. HP: 33/33 MP: 5/5
  1783 | D:3      | Noticed Pargi
  1834 | D:3      | HP: 1/49 [Pargi (6)]
  1834 | D:3      | Slain by Pargi

Illustrated notes

Levels and vault maps discovered:
D:1:      giann_bridges, layout_basic, minmay_statues_item, minivault_5
D:2:      layout_rooms
D:3:      layout_basic, uniq_jessica, uniq_natasha, uniq_robin, uniq_pargi

Skill      XL: |  1  2  3  4 |
---------------+-------------+-----
Unarmed Combat | 4 |  4.5
Shapeshifting  | 4 |  4.3
Fighting       | |  1.0
Dodging        | |  2.0

Action                     |  1- 3 |  4- 6 || total
---------------------------+-------+-------++-------
  Melee: Unarmed           |    58 |    47 ||   105
         Constrict         |    12 |     9 ||    21
         Punch             |     4 |     1 ||     5
         Tentacles         |     4 |     9 ||    13
    Use: Potion            |       |     1 ||     1
   Stab: Sleeping          |     2 |     2 ||     4
 Armour: Skin              |    19 |    27 ||    46
  Dodge: Dodged            |    28 |    35 ||    63
  Block: Buckler           |       |     4 ||     4

Table legend: (Time is in decaauts)
 A = Elapsed time spent in this place.
 B = Non-inter-level travel time spent in this place.
 C = Inter-level travel time spent in this place.
 D = Time resting spent in this place.
 E = Time spent auto-exploring this place.
 F = Levels seen in this place.
 G = Mean time per level.
                   A        B        C        D        E       F      G
               +--------+--------+--------+--------+--------+-----+--------+
         Total |   1828 |   1766 |     62 |    173 |   1225 |   3 |  609.3 |
       Dungeon |   1828 |   1766 |     62 |    173 |   1225 |   3 |  609.3 |
               +--------+--------+--------+--------+--------+-----+--------+

Top non-repeatable levels by time:
     D:1: 822 daAuts
     D:2: 742 daAuts
     D:3: 263 daAuts
